 Dungeon Crawl Stone Soup version 0.31-a0-165-g3f4f80340b (webtiles) character file.

Game seed: 379723340508725231

5912 qw the Cleaver (level 10, 0/64 HPs)
             Began as a Gargoyle Fighter on June 13, 2023.
             Was a Believer of Okawaru.
             Slain by a gargoyle
             ... wielding a +0 flail
              (9 damage)
             ... on level 8 of the Dungeon.
             The game lasted 00:03:58 (7275 turns).

qw the Cleaver (Gargoyle Fighter)                   Turns: 7275, Time: 00:03:58

Health: 0/64       AC: 30    Str: 24    XL:     10   Next: 82%
Magic:  12/13      EV:  9    Int:  9    God:    Okawaru [**....]
Gold:   234        SH:  6    Dex:  9    Spells: 9/9 levels left

rFire   . . .        Y - +4 war axe
rCold   . . .        c - +0 buckler
rNeg    + . .        j - +0 plate armour
rPois   inf          p - +0 helmet
rElec   +            (no cloak)
rCorr   .            k - +1 pair of gloves
SInv    .            (no boots)
Will    .....        (no amulet) Stlth
                     f - +4 ring of protection
HPRegen 0.30/turn    (no ring)
MPRegen 0.13/turn

%: no passive effects
@: about to teleport, heroic
A: sickness immunity, AC +7, negative energy resistance 1, electricity
resistance, torment resistance 1, petrification resistance
a: Renounce Religion, Heroism


You were on level 8 of the Dungeon.
You worshipped Okawaru.
Okawaru was pleased with you.
You visited 2 branches of the dungeon, and saw 9 of its levels.
You also visited: Sewer.

You collected 436 gold pieces.
You spent 202 gold pieces at shops.


Innate Abilities, Weirdness & Mutations

You are immune to sickness and miasma.
Your stone body is resilient. (AC +7)
You are immune to poison.
You resist negative energy. (rN+)
You are resistant to electric shocks. (rElec)
You are resistant to unholy torment.
You are immune to petrification.


   Skills:
 - Level 8.0(13.0) Fighting
 + Level 10.9(15.9) Axes
 - Level 1.6(6.6) Throwing
 - Level 7.4(12.4) Armour
 - Level 1.0(6.0) Dodging
 - Level 5.0(10.0) Shields
 - Level 4.1 Invocations


You had 9 spell levels left.
You didn't know any spells.
Your spell library was empty.

Inventory:

Hand Weapons
 m - a +0 morningstar
 Y - a +4 war axe (weapon)
Missiles
 q - 6 boomerangs (quivered)
Armour
 c - a +0 buckler (worn)
 j - a +0 plate armour (worn)
 k - a +1 pair of gloves (worn)
 n - a +0 kite shield
 p - a +0 helmet (worn)
Jewellery
 f - a +4 ring of protection (left hand)
 h - a ring of fire
Scrolls
 g - 4 scrolls of identify
Potions
 a - 2 potions of lignification
 d - 2 potions of might
 e - a potion of cancellation
 i - 3 potions of curing
 l - a potion of resistance
 r - a potion of magic

Dungeon Overview and Level Annotations

Branches:
Dungeon (8/15)             Temple (1/1) D:4           Sewer (visited)
   Lair: D:8-11

Altars:
Ashenzari
Dithmenos
Elyvilon
Hepliaklqana
Kikubaaqudgha
Makhleb
Nemelex Xobeh
Okawaru
Ru
Sif Muna
Trog
Vehumet
Xom
Yredelemnul
Zin
The Shining One

Shops:
D:2 *   D:4 [   D:5 [

Annotations:
D:3 1 runed translucent door, qw's ghost, amateur GrHu


Message History

Okawaru accepts your kill.
You completely miss the wyvern.
The wyvern bites you but does no damage.
You slash the wyvern!
The wyvern is severely wounded.
The wyvern bites you but does no damage.
You slice the wyvern!!
You kill the wyvern!
Okawaru accepts your kill.
You slash the orc!
You kill the orc!
Okawaru accepts your kill. The gargoyle closely misses you.
Things that are here:
a +0 war axe; a +0 hand axe; an orc corpse
Enter note:
Enter note:
Enter note:
Enter note:
Enter note:
Enter note:
Enter note:
Enter note:
Enter note: You hit the gargoyle but do no damage.
The gargoyle hurls a stone arrow at you.
The stone arrow hits you!
7273 ||| READING scroll of teleportation.
As you read the scroll of teleportation, it crumbles to dust.
You feel strangely unstable. The gargoyle hits you with a +0 flail.
You hit the gargoyle but do no damage.
The gargoyle hits you but does no damage.
You hit the gargoyle.
The gargoyle is lightly damaged.
You closely miss the bullfrog. The bullfrog barely misses you.
An efreet comes into view.
It is wielding a +4 scimitar of flaming.
The gargoyle hits you with a +0 flail!
You die...

# ##......## ##.......#
###..###..# R.. #.......#
.....#.#'## #..# #.......#
#...##...#.. ... #.......#
..###...##..## #..# #.......##
..#.#)#.#....?###...####....)....
.##...#####.....#..##.....####...
.#......#.###..F.9.##.###.# #...
##..#.)##...###)@.# #.# #.# #...
#..[...#......#'#.# #.# #.# #...
###..)##..#.....### #.###'####.).
..###.'...###..## #.##.....#...
#.#####..###...# #:##.....#...
#..# #.....#..## #.##.....####
##%#####.).)..#######.#......#
......####...##..............#
#####...####.##.######.##.####


You could see an efreet (wandering), a gargoyle and a bullfrog.

Vanquished Creatures
  Pikel (D:5)
  Joseph (D:8)
  A gargoyle (D:8)
  Sigmund (D:2)
  A wyvern (D:8)
  Grum (D:8)
  3 steam dragons
  2 water moccasins (D:7)
  3 ice beasts
  An orc warrior (D:8)
  2 sky beasts
  2 black bears (D:4)
  An ogre (D:5)
  3 centaurs (D:8)
  3 wolves (D:8)
  4 lemures (D:5)
  6 kobold brigands
  A phantom (D:7)
  4 scorpions
  3 bullfrogs
  2 gnoll sergeants
  4 wights
  5 killer bees (D:7)
  7 howler monkeys
  2 crimson imps
  A gnoll bouda (D:8)
  4 orc priests
  A hound (D:6)
  2 jellies (D:5)
  3 sleepcaps
  3 iguanas
  An orc wizard (D:7)
  3 gnolls (D:5)
  6 river rats (Sewer)
  7 adders
  2 shadow imps (D:8)
  4 white imps
  A worm (D:2)
  A dart slug (D:3)
  20 orcs
  5 endoplasms
  5 giant cockroaches
  7 hobgoblins
  9 jackals
  24 kobolds
  2 quokkas
  14 ball pythons
  5 bats
  A frilled lizard (Sewer)
  7 goblins
  23 rats
225 creatures vanquished.

Notes
Turn   | Place    | Note
-------+----------+-------------------------------------------
     0 | D:1      | qw the Gargoyle Fighter began the quest for the Orb.
     0 | D:1      | Reached XP level 1. HP: 14/14 MP: 1/1
     0 | D:1      | 0 ||| qw: Version: 0.2-a-29-gc1b59c4
     0 | D:1      | 0 ||| qw: Game counter: 4729
     0 | D:1      | 0 ||| qw: Always use a shield: true
     0 | D:1      | 0 ||| qw: God list: Okawaru
     0 | D:1      | 0 ||| qw: Allow faded altars: false
     0 | D:1      | 0 ||| qw: Do Orc after D:15 true
     0 | D:1      | 0 ||| qw: Do second Lair branch before Depths: true
     0 | D:1      | 0 ||| qw: Lair rune preference: random
     0 | D:1      | 0 ||| qw: Plans: Normal, Zot:1-4, Slime:5, God:TSO, Crypt,
                  | Tomb, Abyss, Pan, Hells, Win
     0 | D:1      | 0 ||| PLANNING D:1-11
    41 | D:1      | Reached skill level 2 in Axes
   198 | D:1      | Reached XP level 2. HP: 19/19 MP: 2/2
   590 | D:1      | 590 ||| Stepping ~*~*~tactically~*~*~ (hiding).
   592 | D:1      | 592 ||| Stepping ~*~*~tactically~*~*~ (hiding).
   593 | D:1      | 593 ||| Stepping ~*~*~tactically~*~*~ (hiding).
   598 | D:1      | Reached skill level 3 in Axes
   690 | D:1      | 690 ||| Stepping ~*~*~tactically~*~*~ (stealth).
   783 | D:1      | Reached XP level 3. HP: 23/23 MP: 3/3
   954 | D:1      | 954 ||| READING 3 scrolls labelled MEIJYIRPH TUZI.
   955 | D:1      | 955 ||| READING 2 scrolls of enchant weapon.
   955 | D:1      | 955 ||| ENCHANTING +1 war axe.
   956 | D:1      | 956 ||| READING scroll of enchant weapon.
   956 | D:1      | 956 ||| ENCHANTING +2 war axe.
   957 | D:1      | 957 ||| READING scroll labelled WISSOH QUDIOSCH.
   958 | D:1      | 958 ||| READING scroll labelled ACWOLEG YKAZ.
   963 | D:1      | 963 ||| READING scroll labelled DEUX QOUQIKHE.
  1007 | D:2      | Found Otugiqoll's General Store.
  1033 | D:2      | 1033 ||| SHOPLISTING +0 helmet (54 gold, have 17).
  1033 | D:2      | 1033 ||| SHOPLISTING +1 pair of gloves of strength (198
                  | gold, have 17).
  1033 | D:2      | 1033 ||| SHOPLISTING scroll of teleportation (36 gold, have
                  | 17).
  1061 | D:2      | Found a bloodstained altar of Trog.
  1273 | D:2      | Reached XP level 4. HP: 24/28 MP: 4/4
  1289 | D:2      | Noticed Sigmund
  1298 | D:2      | Killed Sigmund
  1299 | D:2      | Reached skill level 5 in Axes
  1299 | D:2      | Reached XP level 5. HP: 22/32 MP: 5/5
  1299 | D:2      | Reached XP level 6. HP: 26/37 MP: 6/6
  1427 | D:2      | 1427 ||| READING scroll of enchant weapon.
  1427 | D:2      | 1427 ||| ENCHANTING +3 war axe.
  1484 | D:2      | 1484 ||| Stepping ~*~*~tactically~*~*~ (stealth).
  1486 | D:2      | 1486 ||| Stepping ~*~*~tactically~*~*~ (hiding).
  1487 | D:2      | 1487 ||| Stepping ~*~*~tactically~*~*~ (hiding).
  1491 | D:2      | 1491 ||| Stepping ~*~*~tactically~*~*~ (hiding).
  1803 | D:2      | 1803 ||| READING scroll labelled PIGAZXYTWU.
  1921 | D:3      | Found a runed translucent door.
  1921 | D:3      | Noticed qw's ghost (amateur GrHu)
  1965 | D:3      | 1965 ||| Stepping ~*~*~tactically~*~*~ (hiding).
  2317 | D:3      | 2317 ||| UPGRADING to +0 plate armour.
  2327 | D:3      | 2327 ||| DROPPING +0 scale mail.
  2328 | D:3      | 2328 ||| UPGRADING to +4 ring of protection.
  2329 | D:3      | 2329 ||| READING scroll labelled KAUZOJUMOK.
  2330 | D:3      | 2330 ||| READING scroll labelled BULLEDD YSAGES.
  2331 | D:3      | 2331 ||| DRINKING 2 metallic black potions.
  2332 | D:3      | 2332 ||| DRINKING 2 metallic blue potions.
  2333 | D:3      | 2333 ||| DROPPING potion of degeneration.
  2437 | D:4      | Found a sacrificial altar of Ru.
  2456 | D:4      | Noticed a black bear
  2465 | D:4      | Killed a black bear
  2469 | D:4      | Found Koriv's Antique Armour Boutique.
  2476 | D:4      | 2476 ||| SHOPLISTING pair of brightly glowing gloves (228
                  | gold, have 139).
  2524 | D:4      | Found a staircase to the Ecumenical Temple.
  2525 | D:4      | 2525 ||| PLANNING TEMPLE
  2525 | D:4      | 2525 ||| DRINKING 2 murky black potions.
  2582 | D:4      | Noticed a black bear
  2594 | D:4      | Killed a black bear
  2595 | D:4      | Reached skill level 6 in Axes
  2595 | D:4      | Reached XP level 7. HP: 42/44 MP: 7/7
  2603 | Temple   | Entered the Ecumenical Temple
  2619 | Temple   | 2619 ||| PLANNING OKAWARU WORSHIP
  2813 | Temple   | Became a worshipper of Warmaster Okawaru
  2813 | Temple   | 2813 ||| PLANNING D:1-11
  3150 | D:4      | 3150 ||| READING scroll labelled TUUZEM GITWE.
  3206 | D:5      | Entered Level 5 of the Dungeon
  3227 | D:5      | 3227 ||| FLEEEEING.
  3228 | D:5      | 3228 ||| FLEEEEING.
  3229 | D:5      | 3229 ||| FLEEEEING.
  3230 | D:5      | 3230 ||| STAIRDANCE
  3297 | D:5      | 3297 ||| DROPPING +0 club.
  3316 | D:5      | Reached skill level 7 in Axes
  3417 | D:5      | Noticed Pikel
  3418 | D:5      | 3418 ||| FLEEEEING.
  3419 | D:5      | 3419 ||| FLEEEEING.
  3420 | D:5      | 3420 ||| FLEEEEING.
  3421 | D:5      | 3421 ||| FLEEEEING.
  3422 | D:5      | 3422 ||| FLEEEEING.
  3423 | D:5      | 3423 ||| FLEEEEING.
  3424 | D:5      | 3424 ||| FLEEEEING.
  3425 | D:5      | 3425 ||| FLEEEEING.
  3426 | D:5      | 3426 ||| FLEEEEING.
  3427 | D:5      | 3427 ||| FLEEEEING.
  3428 | D:5      | 3428 ||| FLEEEEING.
  3429 | D:5      | 3429 ||| FLEEEEING.
  3430 | D:5      | 3430 ||| FLEEEEING.
  3431 | D:5      | 3431 ||| FLEEEEING.
  3432 | D:5      | 3432 ||| FLEEEEING.
  3433 | D:5      | 3433 ||| FLEEEEING.
  3434 | D:5      | 3434 ||| FLEEEEING.
  3435 | D:5      | 3435 ||| FLEEEEING.
  3436 | D:5      | 3436 ||| FLEEEEING.
  3437 | D:5      | 3437 ||| FLEEEEING.
  3438 | D:5      | 3438 ||| FLEEEEING.
  3439 | D:5      | 3439 ||| FLEEEEING.
  3441 | D:5      | 3441 ||| FLEEEEING.
  3442 | D:5      | 3442 ||| FLEEEEING.
  3443 | D:5      | 3443 ||| FLEEEEING.
  3444 | D:5      | 3444 ||| FLEEEEING.
  3445 | D:5      | 3445 ||| FLEEEEING.
  3446 | D:5      | 3446 ||| FLEEEEING.
  3447 | D:5      | 3447 ||| FLEEEEING.
  3448 | D:5      | 3448 ||| FLEEEEING.
  3449 | D:5      | 3449 ||| FLEEEEING.
  3460 | D:5      | Killed Pikel
  3460 | D:5      | Reached * piety under Okawaru
  3461 | D:5      | Reached skill level 6 in Armour
  3461 | D:5      | Reached XP level 8. HP: 35/49 MP: 8/8
  3547 | D:5      | Found Bedodeen's Antique Armour Emporium.
  3555 | D:5      | 3555 ||| SHOPLISTING pair of glimmering gloves (256 gold,
                  | have 209).
  3555 | D:5      | 3555 ||| BUYING pair of runed gloves (202 gold).
  3555 | D:5      | Bought a pair of runed gloves for 202 gold pieces
  3555 | D:5      | 3555 ||| SHOPLISTING runed chain mail (202 gold, have 7).
  3577 | D:5      | 3577 ||| INVOKING Heroism.
  3578 | D:5      | 3578 ||| INVOKING Heroism.
  3584 | D:5      | Reached skill level 1 in Dodging
  3584 | D:5      | Reached skill level 1 in Invocations
  3720 | D:5      | 3720 ||| Stepping ~*~*~tactically~*~*~ (stealth).
  3782 | D:5      | 3782 ||| Stepping ~*~*~tactically~*~*~ (stealth).
  3784 | D:5      | 3784 ||| INVOKING Heroism.
  3804 | D:5      | 3804 ||| DROPPING +1 whip of holy wrath.
  3805 | D:5      | 3805 ||| DROPPING +2 whip of flaming.
  4124 | D:5      | Found an ancient bone altar of Kikubaaqudgha.
  4247 | D:5      | 4247 ||| UPGRADING to +1 pair of gloves.
  4252 | D:5      | 4252 ||| READING scroll labelled VUUCLA QUDGHA.
  4290 | D:6      | 4290 ||| PLANNING SEWER
  4344 | D:6      | 4344 ||| Stepping ~*~*~tactically~*~*~ (stealth).
  4424 | D:6      | Found a glowing drain.
  4429 | Sewer    | Entered a sewer
  4527 | Sewer    | 4527 ||| Stepping ~*~*~tactically~*~*~ (stealth).
  4541 | Sewer    | 4541 ||| Stepping ~*~*~tactically~*~*~ (stealth).
  4572 | Sewer    | 4572 ||| Stepping ~*~*~tactically~*~*~ (stealth).
  4629 | Sewer    | Reached skill level 3 in Invocations
  4724 | Sewer    | Reached XP level 9. HP: 50/54 MP: 11/11
  4826 | D:6      | 4826 ||| PLANNING D:1-11
  4901 | D:6      | Found a radiant altar of Vehumet.
  4902 | D:6      | Found a burning altar of Makhleb.
  4910 | D:6      | Reached skill level 8 in Axes
  4996 | D:6      | 4996 ||| INVOKING Heroism.
  5164 | D:6      | Reached skill level 6 in Fighting
  5301 | D:6      | 5301 ||| Stepping ~*~*~tactically~*~*~ (stealth).
  5421 | D:6      | 5421 ||| READING scroll labelled IMPUSUILEN.
  5422 | D:6      | 5422 ||| READING 4 scrolls of identify.
  5422 | D:6      | 5422 ||| IDENTIFYING sapphire potion
  5531 | D:7      | Reached ** piety under Okawaru
  5571 | D:7      | 5571 ||| INVOKING Heroism.
  5580 | D:7      | Reached skill level 9 in Axes
  5737 | D:7      | 5737 ||| Stepping ~*~*~tactically~*~*~ (hiding).
  5741 | D:7      | 5741 ||| DRINKING 3 potions of curing.
  5741 | D:7      | 5741 ||| (to cure confusion)
  5783 | D:7      | 5783 ||| Stepping ~*~*~tactically~*~*~ (stealth).
  5784 | D:7      | 5784 ||| Stepping ~*~*~tactically~*~*~ (hiding).
  5793 | D:7      | Reached skill level 1 in Throwing
  5794 | D:7      | 5794 ||| INVOKING Heroism.
  5822 | D:7      | Reached XP level 10. HP: 42/63 MP: 13/13
  5823 | D:7      | 5823 ||| INVOKING Heroism.
  5980 | D:7      | 5980 ||| Stepping ~*~*~tactically~*~*~ (stealth).
  6022 | D:7      | Found a shimmering altar of Xom.
  6029 | D:7      | Found a sparkling altar of Nemelex Xobeh.
  6177 | D:7      | 6177 ||| Stepping ~*~*~tactically~*~*~ (stealth).
  6179 | D:7      | 6179 ||| Stepping ~*~*~tactically~*~*~ (hiding).
  6180 | D:7      | 6180 ||| Stepping ~*~*~tactically~*~*~ (hiding).
  6181 | D:7      | 6181 ||| Stepping ~*~*~tactically~*~*~ (hiding).
  6219 | D:7      | 6219 ||| UPGRADING to +0 helmet.
  6224 | D:7      | 6224 ||| READING scroll labelled ZIMMAYF AGABU.
  6225 | D:7      | 6225 ||| DRINKING 2 grey potions.
  6226 | D:7      | 6226 ||| READING 4 scrolls of identify.
  6226 | D:7      | 6226 ||| IDENTIFYING bubbling inky potion
  6227 | D:7      | 6227 ||| READING 3 scrolls of identify.
  6227 | D:7      | 6227 ||| IDENTIFYING yellow potion
  6228 | D:7      | 6228 ||| DROPPING potion of brilliance.
  6396 | D:8      | Reached skill level 10 in Axes
  6407 | D:8      | Noticed Grum
  6408 | D:8      | 6408 ||| INVOKING Heroism.
  6425 | D:8      | Killed Grum
  6593 | D:8      | 6593 ||| Stepping ~*~*~tactically~*~*~ (stealth).
  6626 | D:8      | 6626 ||| INVOKING Heroism.
  6657 | D:8      | Noticed Joseph
  6658 | D:8      | 6658 ||| Stepping ~*~*~tactically~*~*~ (hiding).
  6665 | D:8      | 6665 ||| INVOKING Heroism.
  6670 | D:8      | Killed Joseph
  6771 | D:8      | 6771 ||| INVOKING Heroism.
  7132 | D:8      | 7132 ||| INVOKING Heroism.
  7152 | D:8      | 7152 ||| Stepping ~*~*~tactically~*~*~ (stealth).
  7180 | D:8      | 7180 ||| Stepping ~*~*~tactically~*~*~ (hiding).
  7181 | D:8      | 7181 ||| Stepping ~*~*~tactically~*~*~ (hiding).
  7186 | D:8      | 7186 ||| INVOKING Heroism.
  7208 | D:8      | 7208 ||| Stepping ~*~*~tactically~*~*~ (hiding).
  7249 | D:8      | 7249 ||| Stepping ~*~*~tactically~*~*~ (hiding).
  7253 | D:8      | Noticed a gargoyle
  7262 | D:8      | 7262 ||| INVOKING Heroism.
  7262 | D:8      | Noticed a gargoyle
  7267 | D:8      | Killed a gargoyle
  7272 | D:8      | HP: 13/64 [gargoyle/stone arrow (14)]
  7273 | D:8      | 7273 ||| READING scroll of teleportation.
  7275 | D:8      | Slain by a gargoyle

Levels and vault maps discovered:
D:1:      scummos_arrival_hexagon, layout_basic
D:2:      layout_basic, serial_shops, shop, basic_altar, uniq_sigmund
D:3:      layout_rooms, hellmonk_ghost_happy_afterlife
D:4:      layout_basic, mainiacjoe_overflow_six_doors_small,
          minmay_temple_entry_gardened_gates, serial_shops, shop
D:5:      layout_cave_pods, mainiacjoe_overflow_surrounded_room, serial_shops,
          nicolae_shop_advertising_works [nicolae_subvault_shop_adworks],
          minmay_strange_pillars, uniq_pikel
D:6:      layout_loops_ring, grunt_temple_overflow_lords_of_destruction,
          portal_sewer_entry_e
D:7:      layout_rooms, amethyst_overflow_temple_binary, minmay_fire_ice_demons
D:8:      minmay_slanted_spiral_squares, layout_basic, uniq_grum, uniq_joseph
Temple:   grunt_temple_mini_profane

Skill      XL: |  1  2  3  4  5  6  7  8  9 10 |
---------------+-------------------------------+-----
Axes           | 2 3 5 6 7 9 10 | 10.9
Fighting       | 4 5 7 8 |  8.0
Armour         | 6 7 |  7.4
Dodging        | 1 |  1.0
Invocations    | 3 4 |  4.1
Shields        | 4 5 |  5.0
Throwing       | 1 |  1.6

Action                     |  1- 3 |  4- 6 |  7- 9 | 10-12 || total
---------------------------+-------+-------+-------+-------++-------
  Melee: War axe           |    87 |    75 |   276 |   155 ||   593
  Throw: Boomerang         |       |       |    11 |    21 ||    32
 Invoke: Heroism           |       |       |     5 |     8 ||    13
    Use: Scroll            |     6 |     4 |     4 |     4 ||    18
         Potion            |       |     3 |     1 |     1 ||     5
 Armour: Scale mail        |    51 |    25 |       |       ||    76
         Plate armour      |       |    28 |   223 |    84 ||   335
         Skin              |       |     4 |       |       ||     4
  Dodge: Dodged            |    50 |    33 |    80 |    45 ||   208
  Block: Buckler           |    17 |    10 |    58 |    29 ||   114

Table legend:
 A = Non-vault XP
 B = Vault XP
 C = Vault XP percentage of total XP
 D = Non-vault monster count
 E = Vault monster count
 F = Vault count percentage of total count
                 A         B        C        D         E       F
            +---------+---------+-------+---------+---------+-------
      Total |    4726 |    3720 |  44.0 |     161 |      60 |  27.1
            +---------+---------+-------+---------+---------+-------
        D:1 |      34 |       0 |   0.0 |      20 |       0 |   0.0
        D:2 |      86 |     231 |  72.9 |      29 |       1 |   3.3
        D:3 |      20 |       0 |   0.0 |       4 |       0 |   0.0
        D:4 |     275 |       0 |   0.0 |      13 |       0 |   0.0
        D:5 |     589 |     641 |  52.1 |      18 |       1 |   5.3
        D:6 |     692 |      48 |   6.5 |      15 |       1 |   6.2
        D:7 |    1789 |      58 |   3.1 |      36 |       2 |   5.3
        D:8 |    1241 |    2230 |  64.2 |      26 |      14 |  35.0
      Sewer |       0 |     512 | 100.0 |       0 |      41 | 100.0
            +---------+---------+-------+---------+---------+-------
